 Dungeon Crawl Stone Soup version 0.30.1 (webtiles) character file.

Game seed: 14585505514692054557

28521 croobank the Geomancer (level 13, -9/78 HPs)
             Began as a Gargoyle Earth Elementalist on July 3, 2023.
             Was an Initiate of Gozag.
             Killed by miscasting Arcjolt (10 damage)
             ... on level 3 of the Lair of Beasts.
             The game lasted 01:20:23 (20582 turns).

croobank the Geomancer (GrEE)                      Turns: 20582, Time: 01:20:24

Health: -9/78      AC: 17    Str: 10    XL:     13   Next: 39%
Magic:  8/23       EV: 20    Int: 20    God:    Gozag
Gold:   1843       SH:  5    Dex: 16    Spells: 11/26 levels left

rFire   . . .        L - +1 scimitar (flame)
rCold   + . .        (no shield)
rNeg    + . .        x - +1 robe {rC+}
rPois   ∞            b - +2 helmet
rElec   +            m - +0 cloak
rCorr   .            (no gloves)
SInv    .            T - +0 pair of boots
Will    .....        K - amulet "Esaontil" {Reflect rElec rPois Str-3 SH+5 Stlth+}
Stlth   +++++        h - +5 ring of evasion
HPRegen 0.33/turn    z - +6 ring of dexterity
MPRegen 0.18/turn

%: reflection
@: very slightly contaminated, studying Throwing
A: sickness immunity, AC +9, negative energy resistance 1, electricity
resistance, torment resistance 1, petrification resistance
a: Renounce Religion, Potion Petition, Call Merchant, Bribe Branch


You were on level 3 of the Lair of Beasts.
You worshipped Gozag.
Gozag was most pleased with you.
You visited 3 branches of the dungeon, and saw 16 of its levels.

You collected 2918 gold pieces.
You spent 118 gold pieces at shops.
You paid 957 gold pieces to Gozag.

Inventory:

Hand Weapons
 a - a +4 dagger of protection
 C - a +4 flail
 L - a +1 scimitar of flaming (weapon)
 Q - a +5 dire flail
 U - a +1 trident of venom
 X - a +1 short sword of electrocution
Missiles
 j - 36 poisoned darts (quivered)
 s - 4 javelins
 J - a throwing net
 W - 5 curare-tipped darts
Armour
 b - a +2 helmet (worn)
 g - a +0 leather armour
 m - a +0 cloak (worn)
 x - a +1 robe of cold resistance (worn)
 D - a +0 ring mail
 M - a +2 robe of cold resistance
 T - a +0 pair of boots (worn)
 V - a +0 kite shield
Magical Staves
 t - a staff of air
 u - a staff of poison
 N - a staff of fire
 R - a staff of cold
Jewellery
 h - a +5 ring of evasion (left hand)
 z - a +6 ring of dexterity (right hand)
 F - a ring of flight
 K - the amulet "Esaontil" (around neck) {Reflect rElec rPois Str-3 SH+5 Stlth+}
   (You acquired it on level 1 of the Lair of Beasts)

   [amulet of reflection]

   It reflects blocked missile attacks.
   Str:       It affects your strength (-3).
   rElec:     It insulates you from electricity.
   rPois:     It protects you from poison.
   SH:        It affects your SH (+5).
   Stlth:     It makes you more stealthy.
 O - a ring of fire
 P - a ring of see invisible
 Y - an amulet of guardian spirit
Wands
 p - a wand of iceblast (25)
 v - a wand of mindburst (7)
 y - a wand of digging (5)
 A - a wand of polymorph (5)
 I - a wand of flame (15)
Scrolls
 e - 3 scrolls of amnesia
 f - 2 scrolls of immolation
 n - 4 scrolls of teleportation
 q - 2 scrolls of magic mapping
 r - a scroll of brand weapon
 B - 4 scrolls of vulnerability
 G - 3 scrolls of identify
 S - 2 scrolls of fog
 Z - a scroll of noise
Potions
 c - 6 potions of curing
 d - a potion of cancellation
 i - 3 potions of haste
 k - a potion of ambrosia
 l - 2 potions of brilliance
 o - a potion of resistance
 w - 2 potions of magic
 E - a potion of might
 H - a potion of flight


   Skills:
 - Level 8.1 Fighting
 + Level 6.6 Throwing
 - Level 6.4 Dodging
 - Level 9.2 Stealth
 - Level 7.2 Spellcasting
 - Level 7.3 Conjurations
 - Level 6.1 Transmutations
 * Level 8.7 Air Magic
 - Level 9.6 Earth Magic


You had 11 spell levels left.
You knew the following spells:

 Your Spells              Type           Power      Damage    Failure   Level
a - Sandblast             Erth           90%        2d19      1%          1
b - Passwall              Tmut/Erth      31%        N/A       1%          2
c - Stone Arrow           Conj/Erth      82%        3d12      1%          3
d - Petrify               Tmut/Erth      38%        N/A       3%          4
e - Arcjolt               Conj/Air       19%        1d29      10%         5

Your spell library contained the following spells:

 Spells                   Type           Power      Damage    Failure   Level
 Beastly Appendage        Tmut           62%        N/A       1%          1
 Wereblood                Tmut           31%        N/A       1%          2
 Vhi's Electric Charge    Tloc/Air       48%        N/A       4%          3
 Hailstorm                Conj/Ice       22%        3d7       6%          3
 Spider Form              Tmut/Pois      19%        N/A       8%          3
 Freeze                   Ice            28%        1d5       10%         1
 Slow                     Hex            28%        N/A       10%         1
 Confusing Touch          Hex            7%         N/A       28%         3
 Frozen Ramparts          Ice            14%        1d3       28%         3
 Vampiric Draining        Necr           7%         2d6       28%         3
 Plasma Beam              Fire/Air       12%        2x1d25    93%         6


Dungeon Overview and Level Annotations

Branches:
Dungeon (12/15)            Temple (1/1) D:4            Lair (3/5) D:9
  Swamp (0/4) Lair:2       Spider (0/4) Lair:3
    Orc: D:9-12

Altars:
Ashenzari
Cheibriados
Dithmenos
Elyvilon
Fedhas
Gozag
Hepliaklqana
Kikubaaqudgha
Makhleb
Nemelex Xobeh
Okawaru
Qazlal
Ru
Sif Muna
Trog
Uskayaw
Vehumet
Wu Jian
Xom
Yredelemnul
Zin
The Shining One

Shops:
D:1 (   D:2 !   D:5 *

Annotations:
D:7 1 runed translucent door, Pepete's ghost, novice FoFi
D:11 1 runed translucent door, nroviw's ghost, journeyman DsFE


Innate Abilities, Weirdness & Mutations

You are immune to sickness and miasma.
Your stone body is resilient. (AC +9)
You are immune to poison.
You resist negative energy. (rN+)
You are resistant to electric shocks. (rElec)
You are resistant to unholy torment.
You are immune to petrification.


Message History

Casting: Stone Arrow (safe; 1% risk of failure)
Confirm with . or Enter, or press ? or * to list all spells.
You don't know that spell.
Casting: Stone Arrow (safe; 1% risk of failure)
Confirm with . or Enter, or press ? or * to list all spells.
Electricity surges outward!
The four-headed hydra is struck by an electric surge!
The four-headed hydra is almost dead.
The four-headed hydra closely misses you.
The four-headed hydra bites you but does no damage.
The four-headed hydra bites you!
The four-headed hydra completely misses you.
Casting: Arcjolt (dangerous; 10% risk of failure)
Confirm with . or Enter, or press ? or * to list all spells.
Electricity surges outward!
The four-headed hydra is struck by an electric surge.
The four-headed hydra is almost dead.
The four-headed hydra bites you!
You block the four-headed hydra's attack.
The four-headed hydra barely misses you.
The four-headed hydra bites you.
You barely miss the four-headed hydra.
The four-headed hydra is almost dead.
You block the four-headed hydra's attack.
The four-headed hydra bites you!
* * * LOW HITPOINT WARNING * * *
The four-headed hydra bites you.
* * * LOW HITPOINT WARNING * * *
The four-headed hydra completely misses you.
The four-headed hydra misses you. x2; The four-headed hydra bites you.
* * * LOW HITPOINT WARNING * * *
The four-headed hydra bites you!
* * * LOW HITPOINT WARNING * * *
Casting: Arcjolt (dangerous; 10% risk of failure)
Confirm with . or Enter, or press ? or * to list all spells.
You miscast Arcjolt.
You are very lightly contaminated with residual magic.
Energy rips through your body!
You die...
Your body crumbles into a pile of gold.

#..... #...
......## ###....
##......##...?..#
..#.............
#..............
#............. .
#.........# ..
#.....@D.# ...
###...##....##
....#.....##....P#
..........##....##
..#....#####....##
##.....## #....# .
##......##P...P##
..
#..P...).[P......
..##
#..P###..........


You could see a four-headed hydra.

Vanquished Creatures
  Gastronok (Lair:1)
  Fannar (Lair:3)
  3 hydras
  Erica (D:10)
  4 two-headed ogres
  2 boulder beetles
  A death yak (Lair:2)
  Sonja (D:10)
  Amaemon (D:11)
  A pharaoh ant (Lair:3)
  An orange demon (D:11)
  2 black mambas (Lair:2)
  3 cane toads
  A torpor snail (Lair:2)
  An unseen horror (D:10)
  3 kobold demonologists
  5 komodo dragons
  3 trolls
  A tyrant leech (Lair:2)
  Grinder (D:6)
  A polar bear (Lair:1)
  Prince Ribbit (D:5)
  3 blink frogs (Lair:1)
  2 hornets (D:8)
  A shadow (D:10)
  A wraith (D:11)
  21 yaks
  2 wyverns (Lair:1)
  Grum (D:11)
  4 vampire mosquitoes (D:7)
  2 basilisks
  2 steam dragons
  2 redbacks (Lair:3)
  3 wargs (D:9)
  12 water moccasins
  4 orc warriors
  3 sky beasts
  A black bear (Lair:2)
  2 ice beasts
  2 ogres
  5 centaurs
  3 wolves (D:11)
  3 kobold brigands
  A phantom (D:4)
  10 bullfrogs
  A gnoll sergeant (D:9)
  4 scorpions
  10 wights
  5 killer bees (D:11)
  2 electric eels (Lair:1)
  4 howler monkeys
  5 orc priests
  A gnoll bouda (D:7)
  4 hounds
  4 sleepcaps
  2 iguanas
  11 orc wizards
  7 gnolls
  An adder (D:3)
  A shadow imp (D:6)
  2 white imps
  2 ufetubi (D:5)
  3 worms (D:2)
  5 dart slugs
  26 orcs
  12 ball pythons
  8 bats
  9 endoplasms
  2 giant cockroaches
  8 hobgoblins
  5 quokkas
  6 frilled lizards
  18 goblins
  15 kobolds
  8 rats
320 creatures vanquished.

Vanquished Creatures (collateral kills)
  A kobold demonologist (D:11)
  A kobold brigand (D:11)
  A scorpion (D:6)
  A jelly (D:6)
4 creatures vanquished.

Vanquished Creatures (others)
  A two-headed ogre (D:11)
1 creature vanquished.

Grand Total: 325 creatures vanquished

Notes
Turn   | Place    | Note
-------+----------+-------------------------------------------
     0 | D:1      | croobank the Gargoyle Earth Elementalist began the quest
                  | for the Orb.
     0 | D:1      | Reached XP level 1. HP: 10/10 MP: 3/3
   180 | D:1      | Reached XP level 2. HP: 16/16 MP: 3/5
   183 | D:1      | Reached skill level 1 in Transmutations
   225 | D:1      | Learned a level 2 spell: Passwall
   476 | D:1      | Reached XP level 3. HP: 20/20 MP: 4/6
   480 | D:1      | Learned a level 3 spell: Stone Arrow
   833 | D:1      | Found Bomufim's Antique Weapon Emporium.
   919 | D:1      | Reached skill level 1 in Fighting
  1097 | D:2      | Found Etuf's Distillery.
  1129 | D:2      | Bought a potion of heal wounds for 60 gold pieces
  1325 | D:2      | Reached XP level 4. HP: 20/25 MP: 2/7
  2364 | D:3      | Found a faded altar of an unknown god.
  3158 | D:4      | Reached XP level 5. HP: 30/30 MP: 5/9
  3242 | D:4      | Noticed a phantom
  3269 | D:4      | Killed a phantom
  3289 | D:4      | Noticed a centaur
  3305 | D:4      | Killed a centaur
  3306 | D:4      | Reached XP level 6. HP: 31/36 MP: 0/10
  3399 | D:4      | Found a staircase to the Ecumenical Temple.
  4201 | D:5      | Entered Level 5 of the Dungeon
  4313 | D:5      | Reached skill level 1 in Conjurations
  4313 | D:5      | Reached XP level 7. HP: 40/40 MP: 3/11
  4510 | D:5      | Noticed Prince Ribbit
  4534 | D:5      | Killed Prince Ribbit
  4535 | D:5      | Reached skill level 5 in Earth Magic
  4841 | D:5      | Learned a level 4 spell: Petrify
  5202 | D:5      | Found Mittaq's Assorted Antiques.
  5267 | D:6      | Noticed a two-headed ogre
  5267 | D:6      | Noticed Grinder
  5267 | D:6      | You fall into a shaft and drop 1 floor!
  5274 | D:7      | Reached XP level 8. HP: 46/46 MP: 10/13
  5428 | D:7      | Reached skill level 5 in Stealth
  5707 | D:7      | Found a runed translucent door.
  5707 | D:7      | Noticed Pepete's ghost (novice FoFi)
  6144 | D:6      | Noticed Pikel
  6154 | D:6      | Pikel changed into Pikel the ball python
  6154 | D:6      | Noticed Pikel
  6156 | D:6      | Killed Pikel the ball python
  6349 | Temple   | Entered the Ecumenical Temple
  6354 | Temple   | Became a worshipper of Gozag Ym Sagoz the Greedy
  6907 | D:5      | Bought a scroll of identify for 58 gold pieces
  7011 | D:6      | Noticed a troll
  7033 | D:6      | Reached XP level 9. HP: 52/52 MP: 15/15
  7055 | D:6      | Killed a troll
  7262 | D:6      | Paralysed by Grinder for 2 turns
  7338 | D:6      | Killed Grinder
  7339 | D:6      | Reached skill level 5 in Fighting
  7562 | D:6      | Killed a two-headed ogre
  7563 | D:6      | Reached skill level 1 in Throwing
  7563 | D:6      | Reached skill level 5 in Spellcasting
  7634 | D:6      | Identified the amulet of the Madman {Acrobat Stlth+}
  8026 | D:7      | Reached XP level 10. HP: 59/59 MP: 10/17
  8295 | D:7      | Reached skill level 5 in Conjurations
  8753 | D:7      | Reached skill level 5 in Dodging
  9275 | D:8      | Found a glowing golden altar of the Shining One.
  9885 | D:9      | Found a staircase to the Lair.
 10504 | D:9      | Reached skill level 5 in Transmutations
 10509 | D:9      | Reached XP level 11. HP: 46/66 MP: 20/20
 10765 | D:9      | Found a burning altar of Makhleb.
 11074 | D:9      | Found a shimmering blue altar of Sif Muna.
 11164 | D:10     | Entered Level 10 of the Dungeon
 11195 | D:10     | Noticed a two-headed ogre
 11217 | D:10     | Killed a two-headed ogre
 11404 | D:10     | Noticed Sonja
 11415 | D:10     | Killed Sonja
 12479 | D:10     | Noticed Erica
 12487 | D:10     | Killed Erica
 13334 | D:11     | Noticed Amaemon
 13345 | D:11     | Noticed a seven-headed hydra
 13364 | D:11     | Killed a one-headed hydra
 13663 | D:11     | Noticed a two-headed ogre
 13672 | D:11     | Killed a two-headed ogre
 13840 | D:11     | Noticed a boulder beetle
 13935 | D:11     | Killed a boulder beetle
 13936 | D:11     | Reached XP level 12. HP: 73/73 MP: 6/22
 14028 | D:11     | Found a runed translucent door.
 14246 | D:11     | Noticed a two-headed ogre
 14275 | D:11     | Killed a two-headed ogre
 14615 | D:11     | Noticed Grum
 14650 | D:11     | Killed Grum
 14653 | D:11     | Reached skill level 5 in Throwing
 15102 | D:11     | Killed Amaemon
 15285 | D:11     | Noticed a two-headed ogre
 15661 | D:11     | Noticed nroviw's ghost (journeyman DsFE)
 15679 | D:11     | Reached skill level 1 in Air Magic
 15906 | D:11     | Noticed a skyshark
 16237 | Lair:1   | Entered Level 1 of the Lair of Beasts
 16803 | Lair:1   | Learned a level 5 spell: Arcjolt
 16955 | Lair:1   | Identified a scroll of acquirement
 16971 | Lair:1   | Noticed a boulder beetle
 16973 | Lair:1   | Acquired the amulet "Esaontil" {Reflect rElec rPois Str-3
                  | SH+5 Stlth+}
 16995 | Lair:1   | Killed a boulder beetle
 17290 | Lair:1   | Noticed Gastronok
 17312 | Lair:1   | Killed Gastronok
 17313 | Lair:1   | Reached skill level 5 in Air Magic
 18247 | Lair:1   | Reached XP level 13. HP: 78/78 MP: 2/23
 19440 | Lair:2   | Found a staircase to the Swamp.
 20214 | Lair:3   | Found a hole to the Spider Nest.
 20379 | Lair:3   | Noticed Fannar
 20387 | Lair:3   | Killed Fannar
 20581 | Lair:3   | HP: 1/78 [four-headed hydra (8)]
 20582 | Lair:3   | Killed by miscasting Arcjolt

Illustrated notes

Levels and vault maps discovered:
D:1:      dpeg_arrival_pits, layout_loops_ring, serial_shops,
          nicolae_shop_tiny_statue_garden
D:2:      layout_rooms, serial_shops, shop
D:3:      layout_basic, chequers_ecumenical_altar_grove
D:4:      layout_loops_cross, temple_statues, minmay_ogre_servants
D:5:      layout_loops_ring, serial_shops, nicolae_shop_hallway_plus,
          uniq_prince_ribbit1
D:6:      layout_rooms, minmay_manual_mess, uniq_grinder, uniq_pikel
D:7:      minmay_s_stair_smasher, layout_basic, hellmonk_ghost_happy_afterlife,
          grunt_ministairs_12
D:8:      layout_basic, nicolae_overflow_crystal_walls, enter_bailey_2
D:9:      layout_roguey, mainiacjoe_overflow_catch_the_wave,
          erik_lair_orcish_takeover
D:10:     layout_stronghold, hangedman_abyss_or_decor_stagger, uniq_sonja,
          uniq_erica
D:11:     layout_loops_corners, ebering_ghost_inner_flame, uniq_grum,
          uniq_amaemon
D:12:     layout_cave_pools, david_orc_3, bh_circular_ruins, uniq_nessos,
          uniq_lodul
Temple:   compressed_dpeg_triangle_lava_temple
Lair:1:   layout_gridlike, st_stairs_6, dreamdust_mushroom_princess,
          grunt_megastairs_1, infiniplex_staircase_pool, uniq_gastronok
Lair:2:   layout_roguey, palyth_hydra_swamp_entry
Lair:3:   layout_layer_cave, nicolae_spider_entry_lesser_pyramids, uniq_fannar

Skill      XL: |  1  2  3  4  5  6  7  8  9 10 11 12 13 |
---------------+----------------------------------------+-----
Transmutations | 1 2 3 4 5 6 |  6.1
Dodging        | 2 3 4 5 6 |  6.4
Fighting       | 1 2 3 4 5 6 7 8 |  8.1
Earth Magic    | 4 5 6 7 8 9 |  9.6
Stealth        | 3 4 5 6 7 8 9 |  9.2
Spellcasting   | 3 4 5 6 7 |  7.2
Conjurations   | 1 2 3 4 5 7 |  7.3
Throwing       | 2 3 4 5 6 |  6.6
Air Magic      | 6 8 |  8.7

Action                     |  1- 3 |  4- 6 |  7- 9 | 10-12 | 13-15 || total
---------------------------+-------+-------+-------+-------+-------++-------
  Melee: Unarmed           |     5 |       |       |       |       ||     5
         Dagger            |    21 |   176 |    79 |   224 |     4 ||   504
         Punch             |       |       |     2 |     5 |       ||     7
         Scimitar          |       |       |       |    47 |    13 ||    60
   Fire: Sling             |       |       |     3 |       |       ||     3
  Throw: Dart              |       |       |     4 |    26 |     3 ||    33
         Throwing net      |       |       |       |     3 |       ||     3
   Cast: Sandblast         |    56 |    31 |    36 |   101 |     2 ||   226
         Stone Arrow       |     1 |    13 |    51 |   203 |    71 ||   339
         Petrify           |       |       |       |     8 |     2 ||    10
         Arcjolt           |       |       |       |     3 |     5 ||     8
 Invoke: Potion Petition   |       |       |       |     1 |     1 ||     2
  Evoke: Wand              |       |       |     7 |    19 |     6 ||    32
    Use: Scroll            |       |    10 |     7 |    14 |     1 ||    32
         Potion            |       |       |     2 |     6 |       ||     8
   Stab: Sleeping          |       |     8 |     1 |     8 |     3 ||    20
         Petrified         |       |       |       |    20 |     1 ||    21
         Distracted        |       |       |       |     1 |       ||     1
         Petrifying        |       |       |       |     1 |       ||     1
 Armour: Robe              |     7 |    77 |    50 |   188 |    34 ||   356
  Dodge: Dodged            |    31 |   208 |   157 |   539 |    53 ||   988
  Block: Other             |       |       |       |    18 |    20 ||    38
